 Dungeon Crawl Stone Soup version 0.20.1-1-g8b1a95d (webtiles) character file.

31626 froobite the Cleaver (level 13, -4/116 HPs)
             Began as a Minotaur Berserker on Aug 3, 2017.
             Was a High Priest of Trog.
             Slain by a wraith (10 damage)
             ... on level 12 of the Dungeon.
             The game lasted 00:51:00 (9910 turns).

froobite the Cleaver (Minotaur Berserker)           Turns: 9910, Time: 00:51:00

Health: -4/116     AC: 14    Str: 24    XL:     13   Next: 27%
Magic:  13/13      EV: 10    Int:  5    God:    Trog [*****.]
Gold:   551        SH: 12    Dex: 12    Spells: 12/12 levels left

rFire    . . .     SeeInvis .   a - +2 hand axe
rCold    . . .     Gourm    .   v - +0 shield
rNeg     . . .     Faith    .   d - +0 chain mail
rPois    +         Spirit   .   k - +0 hat
rElec    .         Reflect  .   u - +1 cloak
rCorr    +         Harm     .   (no gloves)
MR       ++...                  (no boots)
Stlth    ..........             (no amulet)
Regen    1.3/turn               r - ring of poison resistance
MPRegen  0.2/turn               j - ring of resist corrosion

@: about to teleport, berserk cooldown, regenerating, slowed, very slow
A: retaliatory headbutt, horns 2
a: Berserk, Trog's Hand, Brothers in Arms, Burn Spellbooks, Renounce Religion


You were on level 12 of the Dungeon.
You worshipped Trog.
Trog was extremely pleased with you.
You were near starving.

You visited 1 branch of the dungeon, and saw 12 of its levels.

You collected 551 gold pieces.

Inventory:

Hand Weapons
 a - a +2 hand axe (weapon)
 m - a cursed +2 halberd
 x - the cursed +1 rapier "Joludaoc" {freeze, rF+ MR+, unknown}
   (You found it on level 9 of the Dungeon)

   It has been specially enchanted to freeze those struck by it, causing extra
   injury to most foes and up to half again as much damage against particularly
   susceptible opponents.
   It can also slow down cold-blooded creatures.
   It protects you from fire.
   It affects your resistance to hostile enchantments.
   It has a curse placed upon it.
Missiles
 e - a silver javelin (quivered)
Armour
 b - a +0 animal skin
 d - a +0 chain mail (worn)
 k - a +0 hat (worn)
 u - a +1 cloak (worn)
 v - a +0 shield (worn)
Jewellery
 j - a ring of resist corrosion (right hand)
 q - an uncursed ring of wizardry
 r - a ring of poison resistance (left hand)
 w - an uncursed ring of magical power
 C - an uncursed ring of stealth
Wands
 s - a wand of iceblast (0/15)
 z - a wand of random effects (14/48)
Scrolls
 h - 6 scrolls of remove curse
 y - 2 scrolls of teleportation
Potions
 i - a potion of might
 l - 3 potions of brilliance
 n - 2 potions of haste
 o - a potion of flight
 t - 3 potions of mutation
 A - a potion of ambrosia {unknown}
 B - 2 potions of heal wounds
Comestibles
 c - a bread ration
 f - 3 royal jellies
 g - 6 meat rations
 p - 4 fruits
 D - 4 chunks of flesh


   Skills:
 + Level 11.3 Fighting
 + Level 3.7 Short Blades
 + Level 14.3(14.5) Axes
 + Level 4.1(10.4) Polearms
 + Level 3.3 Throwing
 + Level 12.1 Armour
 + Level 6.0 Dodging
 + Level 3.2 Stealth
 + Level 8.9 Shields
 + Level 3.7 Unarmed Combat
 + Level 2.6 Evocations


You had 12 spell levels left.
You didn't know any spells.

Dungeon Overview and Level Annotations

Branches:
Dungeon (12/15)            Temple (0/1) D:7            Lair (0/6) D:9
    Orc (0/2) D:10

Altars:
Elyvilon
Fedhas
Makhleb
Vehumet
Xom
Zin

Shops:
D:7 *

Annotations:
D:12 Nessos


Innate Abilities, Weirdness & Mutations

You reflexively headbutt those who attack you in melee.
You have a pair of horns on your head.


Message History

You are exhausted.
You feel yourself slow down.
Nessos shoots an arrow.
The arrow hits you! The arrow burns you.
You see here an arrow.
As you read the scroll of teleportation, it crumbles to dust.
You feel strangely unstable.
Nessos blinks!
Nessos shoots an arrow.
The arrow hits you!!
* * * LOW HITPOINT WARNING * * *
The arrow burns you!
* * * LOW HITPOINT WARNING * * *
Nessos blinks!
Your skin crawls.
You feel resistant to hostile enchantments.
You are near starving!
Nessos blinks!
Nessos shoots an arrow.
The arrow hits you!
* * * LOW HITPOINT WARNING * * *
The arrow burns you.
* * * LOW HITPOINT WARNING * * *
The wraith hits you!
You die...

........... ....?.....#
..........# ).........#
..........# # ..W.......#
..#.## #.....#.####.
.....#############>.......
.............@W.W......)#
#.# #..§..§.......##.....
#.. #.#....######..# ##..
#.##.(.#.## ##.... .
#....c##..# ###..#
##..).####.# ..
#..†........# #
#.#.#######.. #. #÷# .#.


You could see Nessos, a phantom and a wraith.

Vanquished Creatures
  The ghost of geeseburger the Basher, a journeyman GrFi of Trog (D:12)
  A hydra (D:11)
  5 two-headed ogres
  An unseen horror (D:12)
  An ugly thing (D:10)
  A cyclops (D:10)
  A kobold demonologist (D:11)
  2 trolls (D:11)
  Prince Ribbit (D:6)
  2 hippogriffs (D:11)
  Sigmund (D:3)
  12 yaks
  A hungry ghost (D:11)
  2 vampire mosquitoes (D:12)
  A water moccasin (D:10)
  3 ice beasts
  4 sky beasts
  4 orc warriors
  3 phantoms
  2 eyes of draining
  2 ogres
  6 centaurs
  A big kobold (D:10)
  4 bullfrogs
  2 scorpions
  A wyvern skeleton (D:10)
  The ghost of Wipe the Digger, a weakling OgEE of Elyvilon (D:3)
  5 wights (D:8)
  12 killer bees
  3 crimson imps
  3 centaur zombies (D:11)
  3 bullfrog zombies
  2 hounds
  2 jellies
  7 orc priests
  9 orc wizards
  2 centaur skeletons
  3 iguanas
  11 worker ants
  A hound zombie (D:7)
  A hound skeleton (D:8)
  A howler monkey zombie (D:9)
  2 worker ant zombies
  7 gnolls
  10 adders
  An ooze (D:3)
  3 adder skeletons
  2 adder zombies
  2 worms
  6 leopard geckos
  41 orcs
  5 giant cockroaches
  9 hobgoblins
  6 jackals
  A quokka (D:7)
  2 ball pythons
  4 bats
  5 frilled lizards
  7 goblins
  11 kobolds
  2 leopard gecko skeletons
  4 rats
261 creatures vanquished.

Notes
Turn   | Place    | Note
-------+----------+-------------------------------------------
     0 | D:1      | froobite the Minotaur Berserker began the quest for the Orb.
     0 | D:1      | Reached XP level 1. HP: 19/19 MP: 0/0
   133 | D:1      | Reached XP level 2. HP: 24/27 MP: 1/1
   225 | D:1      | Reached skill level 4 in Axes
   477 | D:1      | You fall through a shaft!
   502 | D:2      | Reached XP level 3. HP: 19/33 MP: 2/2
   657 | D:2      | Reached ** piety under Trog
   986 | D:2      | Found a burning altar of Makhleb.
   994 | D:2      | Reached XP level 4. HP: 40/41 MP: 3/3
  1319 | D:3      | Reached skill level 5 in Axes
  1350 | D:3      | Noticed Wipe's ghost (weakling OgEE)
  1364 | D:3      | Killed Wipe's ghost
  1364 | D:3      | Reached skill level 5 in Fighting
  1364 | D:3      | Reached XP level 5. HP: 45/48 MP: 4/4
  1432 | D:3      | Noticed Sigmund
  1440 | D:3      | Killed Sigmund
  1440 | D:3      | Reached skill level 6 in Axes
  1440 | D:3      | Reached XP level 6. HP: 56/56 MP: 5/5
  2552 | D:4      | Reached *** piety under Trog
  2552 | D:4      | Reached skill level 5 in Armour
  2648 | D:4      | Reached skill level 7 in Axes
  2648 | D:4      | Reached XP level 7. HP: 13/61 MP: 6/6
  3052 | D:5      | Entered Level 5 of the Dungeon
  3410 | D:5      | Found a glowing silver altar of Zin.
  3410 | D:5      | Noticed an angel
  4262 | D:6      | Reached skill level 8 in Axes
  4357 | D:6      | Reached **** piety under Trog
  4522 | D:6      | Reached XP level 8. HP: 70/70 MP: 7/7
  4655 | D:6      | Noticed Prince Ribbit
  4685 | D:6      | Killed Prince Ribbit
  4792 | D:7      | Reached skill level 9 in Axes
  4836 | D:7      | Found a staircase to the Ecumenical Temple.
  4881 | D:7      | Reached skill level 1 in Shields
  4963 | D:7      | Found a sand-covered staircase.
  5019 | D:7      | Found Etaqun's General Store.
  5234 | D:7      | Found a white marble altar of Elyvilon.
  5236 | D:7      | Found a blossoming altar of Fedhas.
  5294 | D:7      | HP: 5/106 [killer bee (6)]
  5501 | D:7      | Reached XP level 9. HP: 79/79 MP: 8/8
  5561 | D:7      | Reached skill level 10 in Axes
  5685 | D:8      | HP: 3/79 [wight/enchanted halberd (8)]
  5693 | D:8      | HP: 2/79 [bullfrog (2)]
  5776 | D:8      | Reached skill level 1 in Evocations
  6155 | D:8      | Found a shimmering altar of Xom.
  6155 | D:8      | Found a radiant altar of Vehumet.
  6494 | D:9      | Reached ***** piety under Trog
  6568 | D:9      | Found a staircase to the Lair.
  6626 | D:9      | Found a blossoming altar of Fedhas.
  7031 | D:9      | Reached skill level 11 in Axes
  7318 | D:9      | Reached XP level 10. HP: 88/88 MP: 10/10
  7321 | D:9      | Got a polished rapier
  7554 | D:10     | Entered Level 10 of the Dungeon
  7558 | D:10     | Noticed a two-headed ogre
  7565 | D:10     | Reached skill level 5 in Shields
  7569 | D:10     | Killed a two-headed ogre
  7569 | D:10     | Reached skill level 10 in Armour
  7773 | D:10     | Reached skill level 12 in Axes
  7993 | D:10     | Noticed a brown ugly thing
  8004 | D:10     | Killed a brown ugly thing
  8174 | D:10     | Found a staircase to the Orcish Mines.
  8364 | D:10     | Reached XP level 11. HP: 99/99 MP: 11/11
  8365 | D:10     | Reached skill level 10 in Fighting
  8365 | D:10     | Reached skill level 13 in Axes
  8365 | D:10     | Reached skill level 5 in Dodging
  8365 | D:10     | Reached XP level 12. HP: 106/106 MP: 12/12
  8766 | D:11     | Noticed a two-headed ogre
  8780 | D:11     | Killed a two-headed ogre
  8970 | D:11     | Noticed a two-headed ogre
  8981 | D:11     | Killed a two-headed ogre
  9018 | D:11     | Noticed a six-headed hydra
  9023 | D:11     | Noticed a two-headed ogre
  9033 | D:11     | Received a gift from Trog
  9034 | D:11     | Killed a 14-headed hydra
  9034 | D:11     | Reached XP level 13. HP: 114/114 MP: 8/13
  9348 | D:11     | Reached skill level 14 in Axes
  9802 | D:12     | Noticed geeseburger's ghost (journeyman GrFi)
  9842 | D:12     | Killed geeseburger's ghost
  9897 | D:12     | Noticed Nessos
  9910 | D:12     | Slain by a wraith

Skill      XL: |  1  2  3  4  5  6  7  8  9 10 11 12 13 |
---------------+----------------------------------------+-----
Axes           | 4 5 6 7 8 9 11 12 13 14 | 14.3
Fighting       | 4 5 6 7 9 10 11 | 11.3
Armour         | 3 4 5 6 8 9 10 11 12 | 12.1
Dodging        | 3 4 5 6 |  6.0
Shields        | 2 4 6 7 8 |  8.9
Evocations     | 1 2 |  2.6
Short Blades   | 2 3 |  3.7
Polearms       | 2 4 |  4.1
Throwing       | 2 3 |  3.3
Stealth        | 2 3 |  3.2
Unarmed Combat | 2 3 |  3.7

Action                   |  1- 3 |  4- 6 |  7- 9 | 10-12 | 13-15 || total
-------------------------+-------+-------+-------+-------+-------++-------
Melee: Hand axe          |    70 |   100 |   399 |   143 |   149 ||   861
       Headbutt          |    11 |    21 |    75 |    46 |    38 ||   191
Throw: Javelin           |       |       |       |       |     4 ||     4
Invok: Berserk           |       |     2 |     8 |     7 |     3 ||    20
       Trog's Hand       |       |       |     1 |       |     1 ||     2
Evoke: Wand              |       |       |    10 |       |       ||    10
  Use: Scroll            |     3 |     2 |    15 |     1 |     2 ||    23
       Potion            |       |       |     6 |     2 |       ||     8
  Eat: Chunk             |       |     5 |     1 |     5 |     1 ||    12
       Bread ration      |       |     1 |     5 |       |     1 ||     7
       Royal jelly       |       |       |     2 |       |       ||     2
Armor: Chain mail        |    45 |    53 |   182 |    56 |    46 ||   382
Dodge: Dodged            |    41 |    49 |   133 |    56 |    24 ||   303
Block: Shield            |       |       |   134 |   100 |    56 ||   290
